 Dungeon Crawl Stone Soup version 0.28.0-53-g5a82cb258f (webtiles) character file.

Game seed: 9098026591954048046

175 safid the Chopper (level 5, -11/46 HPs)
             Began as a Hill Orc Fighter on Aug 15, 2022.
             Was an Initiate of Beogh.
             Mangled by Menkaure (16 damage)
             ... on level 4 of the Dungeon.
             The game lasted 00:02:56 (2834 turns).

safid the Chopper (Hill Orc Fighter)                Turns: 2834, Time: 00:02:56

Health: -11/46     AC:  8    Str: 27    XL:     5   Next: 55%
Magic:  5/5        EV:  9    Int:  8    God:    Beogh [......]
Gold:   149        SH:  4    Dex: 10    Spells: 4/4 levels left

rFire   . . .      SeeInvis .   a - +0 war axe
rCold   . . .      Faith    .   c - +0 buckler
rNeg    . . .      Spirit   .   b - +0 scale mail
rPois   .          Reflect  .   o - +0 helmet
rElec   .          Harm     .   (no cloak)
rCorr   .          Rampage  .   (no gloves)
Will    .....                   (no boots)
Stlth   ..........              (no amulet)
HPRegen 0.15/turn               h - +6 ring of strength
MPRegen 0.09/turn               (no ring)

@: no status effects
A: no striking features
a: Renounce Religion


You were on level 4 of the Dungeon.
You worshipped Beogh.
Beogh was noncommittal.
You visited 1 branch of the dungeon, and saw 4 of its levels.

You collected 149 gold pieces.

Inventory:

Hand Weapons
 a - a +0 war axe (weapon)
Missiles
 i - 4 curare-tipped darts (quivered)
 l - 5 poisoned darts
Armour
 b - a +0 scale mail (worn)
 c - a +0 buckler (worn)
 o - a +0 helmet (worn)
Jewellery
 h - a +6 ring of strength (left hand)
Scrolls
 f - a scroll of magic mapping {unknown}
 g - 3 scrolls of identify {unknown}
 j - a scroll of fog {unknown}
 m - a scroll of immolation {unknown}
Potions
 d - 4 potions of might
 e - a potion of resistance {unknown}
 k - a potion of brilliance {unknown}
 n - a potion of attraction {unknown}
 p - a potion of heal wounds {unknown}


   Skills:
 - Level 4.0 Fighting
 + Level 6.1 Axes
 - Level 4.0 Armour
 - Level 4.0 Shields


You had 4 spell levels left.
You didn't know any spells.
Your spell library contained the following spells:

 Spells                   Type           Power      Damage    Failure   Level
 Foxfire                  Conj/Fire      0%         2x1d4     77%         1
 Sandblast                Erth           0%         2d4       77%         1
 Ensorcelled Hibernation  Hex/Ice        0%         N/A       88%         2
 Passwall                 Tmut/Erth      0%         N/A       88%         2
 Conjure Flame            Conj/Fire      0%         6-21      98%         3
 Inner Flame              Hex/Fire       0%         N/A       98%         3
 Spider Form              Tmut/Pois      0%         N/A       98%         3
 Stone Arrow              Conj/Erth      0%         3d7       98%         3
 Anguish                  Hex/Necr       0%         N/A       100%        4
 Flame Wave               Conj/Fire      0%         2d4       100%        4


Dungeon Overview and Level Annotations

Branches:
Dungeon (4/15)
 Temple: D:4-7

Altars:
Cheibriados
Hepliaklqana

Annotations:
D:4 Menkaure


Message History

A hobgoblin zombie is nearby!
A hobgoblin zombie is nearby!
Menkaure, Prince of Dust comes into view.
Menkaure shouts!
Menkaure calls on the powers of darkness!
Your body is wracked with pain!
A goblin zombie comes into view.
You see here a scroll labelled FAGYPRUZXA.
You slash the hobgoblin zombie!
You destroy the hobgoblin zombie!
Beogh accepts your kill.
You hit Menkaure but do no damage. Menkaure hits you but does no damage.
You barely miss Menkaure. Menkaure hits you!!
* * * LOW HITPOINT WARNING * * *
You are too injured to fight recklessly!
You are too injured to fight recklessly!
You are too injured to fight recklessly!
You are too injured to fight recklessly!
You are too injured to fight recklessly!
You are too injured to fight recklessly!
You are too injured to fight recklessly!
You are too injured to fight recklessly!
You are too injured to fight recklessly!
You are too injured to fight recklessly!
You are too injured to fight recklessly!
You are too injured to fight recklessly!
You are too injured to fight recklessly!
You are too injured to fight recklessly!
You are too injured to fight recklessly!
Unknown command.
You barely miss Menkaure.
Menkaure mumbles some strange words.
Menkaure seems to speed up.
Unknown command.
You completely miss Menkaure.
Menkaure calls on the powers of darkness!
Your body is wracked with pain!
* * * LOW HITPOINT WARNING * * *
Menkaure hits you!
You die...

##### #...# #...#
##############...#######
.................M......
####.#########..@####
...........# #...#####
............ #?.Z......
.......................
.......................
..........####.####....
...........# #+. ....
..........## . ... ####.
Z ..


You could see Menkaure (fast) and a goblin zombie.

Vanquished Creatures
  2 iguanas
  An orc wizard (D:4)
  3 adders
  5 dart slugs
  An orc (D:4)
  3 bats
  3 endoplasms
  3 giant cockroaches
  5 goblins
  6 hobgoblins
  4 jackals (D:4)
  2 quokkas
  5 ball pythons
  3 frilled lizards
  A hobgoblin zombie (D:4)
  7 kobolds
  5 rats
59 creatures vanquished.

Vanquished Creatures (others)
  An orc priest (D:4)
  3 orc wizards (D:4)
  An ufetubus (D:4)
  2 orcs (D:4)
  An orc skeleton (D:4)
8 creatures vanquished.

Grand Total: 67 creatures vanquished

Notes
Turn   | Place    | Note
-------+----------+-------------------------------------------
     0 | D:1      | safid the Hill Orc Fighter began the quest for the Orb.
     0 | D:1      | Reached XP level 1. HP: 19/19 MP: 1/1
   132 | D:1      | Reached XP level 2. HP: 27/27 MP: 2/2
   156 | D:1      | Reached skill level 3 in Axes
   181 | D:1      | Found a faded altar of an unknown god.
   678 | D:1      | Reached XP level 3. HP: 32/33 MP: 3/3
  1458 | D:2      | Found a hazy altar of Hepliaklqana.
  1570 | D:3      | Found a snail-covered altar of Cheibriados.
  1579 | D:3      | HP: 1/33 [iguana (9)]
  1581 | D:3      | Reached skill level 4 in Axes
  1581 | D:3      | Reached XP level 4. HP: 2/40 MP: 4/4
  2512 | D:4      | Reached skill level 5 in Axes
  2512 | D:4      | Reached XP level 5. HP: 43/46 MP: 5/5
  2557 | D:4      | Noticed Blork the orc
  2558 | D:4      | Became a worshipper of Beogh the Brigand
  2577 | D:4      | Reached skill level 6 in Axes
  2825 | D:4      | Noticed Menkaure
  2834 | D:4      | Mangled by Menkaure

Illustrated notes

Levels and vault maps discovered:
D:1:      scummos_arrival_gate, layout_loops_ring,
          shapermc_ecumenical_altar_ellora
D:2:      layout_basic, basic_altar
D:3:      layout_basic, mainiacjoe_overflow_small_starburst
D:4:      layout_basic, nicolae_tso_besieged_by_evil, uniq_grinder,
          uniq_blork_the_orc, uniq_menkaure

Skill      XL: |  1  2  3  4  5 |
---------------+----------------+-----
Axes           | 3 4 5 6 |  6.1
Fighting       | 4 |  4.0
Armour         | 4 |  4.0
Shields        | 4 |  4.0

Action                   |  1- 3 |  4- 6 || total
-------------------------+-------+-------++-------
Melee: War axe           |    76 |    56 ||   132
Invok: Convert to Beogh  |       |     1 ||     1
Armor: Scale mail        |    26 |    28 ||    54
Dodge: Dodged            |    33 |    20 ||    53
Block: Buckler           |    19 |    11 ||    30
